 Dungeon Crawl Stone Soup version 0.27.1-33-g824d729ab1 (webtiles) character file.

Game seed: 13000071564178607297

1239 zeram the Nimble (level 8, 0/54 HPs)
             Began as a Spriggan Enchanter on Dec 11, 2021.
             Slain by a gnoll (9 damage)
             ... on level 5 of the Dungeon.
             The game lasted 00:25:11 (11045 turns).

zeram the Nimble (Spriggan Enchanter)              Turns: 11045, Time: 00:25:11

Health: 0/54       AC:  4    Str:  8    XL:     8   Next: 25%
Magic:  17/17      EV: 23    Int: 18    God:
Gold:   1123       SH:  0    Dex: 16    Spells: 6/18 levels left

rFire    . . .     SeeInvis +   a - +2 dagger (vorpal)
rCold    + . .     Faith    .   (shield restricted)
rNeg     . . .     Spirit   .   b - +2 robe
rPois    .         Reflect  .   (helmet restricted)
rElec    .         Harm     .   (no cloak)
rCorr    .         Rampage  .   (gloves unavailable)
Will     ++...                  (boots unavailable)
Stlth    ..........             (no amulet)
HPRegen  0.18/turn              f - ring of protection from cold
MPRegen  0.15/turn              s - ring "Ufaib" {Will+ Str+4}

@: berserking, very quick
A: very small, no large weapons, unfitting armour, see invisible, speed 3
a: no special abilities


You were on level 5 of the Dungeon.
You visited 1 branch of the dungeon, and saw 5 of its levels.
You also visited: Ossuary.

You collected 1123 gold pieces.

Inventory:

Hand Weapons
 a - a +2 vorpal dagger (weapon)
 k - a +1 dagger of venom
Missiles
 p - 4 poisoned darts (quivered)
Armour
 b - a +2 robe (worn)
Jewellery
 c - a ring of fire
 f - a ring of protection from cold (left hand)
 h - a ring of poison resistance
 s - the ring "Ufaib" (right hand) {Will+ Str+4}
   (You found it on level 5 of the Dungeon)

   [ring of willpower]

   Str:       It affects your strength (+4).
   Will:      It increases your willpower.
Wands
 i - a wand of mindburst (3)
 n - a wand of flame (17)
Scrolls
 j - 2 scrolls of fog
 m - a scroll of summoning
Potions
 d - a potion of haste {unknown}
 e - a potion of cancellation {unknown}
 g - a potion of magic
 l - 2 potions of ambrosia {unknown}
 o - 3 potions of flight
 q - a potion of mutation {unknown}
 r - a potion of berserk rage
 u - 2 potions of heal wounds {unknown}


   Skills:
 - Level 1.1 Short Blades
 + Level 9.6 Dodging
 - Level 4.4 Stealth
 + Level 5.7 Spellcasting
 + Level 6.6 Hexes
 * Level 1.2 Summonings
 - Level 0.1 Ice Magic
 - Level 2.4 Evocations


You had 6 spell levels left.
You knew the following spells:

 Your Spells              Type           Power      Damage    Failure   Level
a - Corona                Hex            32%        N/A       1%          1
b - Ensorcelled Hibernat  Hex/Ice        34%        N/A       4%          2
c - Tukima's Dance        Hex            29%        N/A       2%          3
d - Shadow Creatures      Summ           N/A        N/A       100%        6

Your spell library contained the following spells:

 Spells                   Type           Power      Damage    Failure   Level
 Confusing Touch          Hex            29%        N/A       2%          3
 Dazzling Flash           Conj/Hex       34%        N/A       10%         3
 Blink                    Tloc           N/A        N/A       19%         2
 Static Discharge         Conj/Air       5%         N/A       19%         2
 Ozocubu's Armour         Ice            5%         N/A       34%         3
 Spider Form              Tmut/Pois      2%         N/A       36%         3
 Lightning Bolt           Conj/Air       2%         1d14      98%         5
 Manifold Assault         Tloc           5%         N/A       98%         5
 Ozocubu's Refrigeration  Ice            2%         4d5       100%        7
 Storm Form               Tmut/Air       2%         N/A       100%        7
 Maxwell's Capacitive Co  Air            2%         ∞         100%        8


Dungeon Overview and Level Annotations

Branches:
Dungeon (5/15)            Ossuary (visited)
 Temple: D:4-7

Altars:
Sif Muna

Annotations:
D:4 3 runed translucent doors, belegose's ghost, novice DjGl


Innate Abilities, Weirdness & Mutations

You are very small and have problems with some larger weapons.
You are too small for most types of armour.
You have supernaturally acute eyesight. (SInv)
You cover ground extremely quickly. (Speed+++)


Message History

The centaur skeleton completely misses you.
You barely miss the phantom.
The phantom is heavily damaged.
The phantom hits you but does no damage.
The centaur skeleton closely misses you.
The centaur skeleton completely misses you.
The centaur skeleton misses you. x2
Things that are here:
a +0 dagger; a +0 robe
Found a club.
A bullfrog skeleton comes into view.
You open the door.
An adder and a zombie come into view.
Found a golden ring.
The bullfrog zombie misses you.
There is an open door here.
The adder hisses angrily.
As you close the door, it creaks loudly!
You hear a shout!
The orc hits you with a +0 trident.
* * * LOW HITPOINT WARNING * * *
The orc hits you from afar with a +0 trident.
* * * LOW HITPOINT WARNING * * *
Unknown command.
Things that are here:
a +0 flail; a +0 spear
Things that are here:
a +0 dagger; 5 boomerangs
Things that are here:
a +0 dagger; 5 boomerangs You see here a +0 kite shield.
The gnoll shouts!
The gnoll hits you from afar with a +0 halberd!
* * * LOW HITPOINT WARNING * * *
Unknown command.
Okay, then.
A red film seems to cover your vision as you go berserk!
You feel yourself moving faster!
You feel mighty!
The gnoll hits you from afar with a +0 halberd!
You die...

...###...###....# ####
..##.'#.#+.##............... ...
)##...#.#Z..##...........#..o##.#
.#...##.##S..#.#####.............
.#..##.).##.=#.# ##.....# .o##..
.####.))..####.# #......# ###
...Z.Z.).......# #......# #
#######.###########......# #
#.[...Z...@.g......###.# #
#############..........# #
##<###.##### # ### #.# # #.# #
#.# # #.# # #.# # #.# #


You could see a gnoll and a bullfrog skeleton.

Vanquished Creatures
  An orc warrior (D:4)
  An ogre (D:4)
  An elf zombie (Ossuary)
  A wyvern skeleton (D:5)
  A howler monkey (D:5)
  2 jellies (D:5)
  3 orc priests
  3 centaur zombies (Ossuary)
  A hound (D:3)
  An iguana (D:4)
  7 orc wizards
  2 ogre zombies (Ossuary)
  7 mummies (Ossuary)
  A howler monkey zombie (D:5)
  2 gnolls (D:5)
  8 adders
  An adder zombie (Ossuary)
  An adder skeleton (D:5)
  A worm (D:3)
  A dart slug (D:1)
  18 orcs
  4 ball pythons
  4 bats
  8 endoplasms
  3 giant cockroaches
  A gnoll zombie (Ossuary)
  7 goblins
  13 hobgoblins
  5 quokkas
  3 frilled lizards
  2 goblin zombies (Ossuary)
  4 hobgoblin zombies (Ossuary)
  5 kobolds
  5 kobold zombies (Ossuary)
  4 quokka zombies (Ossuary)
  7 rats
  7 rat zombies (Ossuary)
146 creatures vanquished.

Vanquished Creatures (collateral kills)
  Edmund (D:3)
  A giant cockroach (D:4)
2 creatures vanquished.

Grand Total: 148 creatures vanquished

Notes
Turn   | Place    | Note
-------+----------+-------------------------------------------
     0 | D:1      | zeram the Spriggan Enchanter began the quest for the Orb.
     0 | D:1      | Reached XP level 1. HP: 9/9 MP: 5/5
    33 | D:1      | Reached skill level 3 in Dodging
   224 | D:1      | Reached XP level 2. HP: 13/13 MP: 6/6
   298 | D:1      | Found a faded altar of an unknown god.
   412 | D:1      | Reached skill level 4 in Dodging
  1018 | D:1      | Reached XP level 3. HP: 16/16 MP: 8/8
  1021 | D:1      | Learned a level 2 spell: Ensorcelled Hibernation
  1025 | D:1      | Learned a level 3 spell: Tukima's Dance
  1984 | D:2      | Reached skill level 5 in Dodging
  3474 | D:3      | Reached XP level 4. HP: 21/21 MP: 9/9
  3482 | D:3      | Reached skill level 6 in Dodging
  4637 | D:4      | Found a sand-covered staircase.
  4641 | Ossuary  | Entered an ossuary
  4683 | Ossuary  | Reached XP level 5. HP: 8/24 MP: 8/10
  4917 | Ossuary  | Identified a scroll of acquirement
  4918 | Ossuary  | Acquired 933 gold pieces
  6239 | Ossuary  | Reached skill level 7 in Dodging
  6399 | Ossuary  | Reached skill level 5 in Hexes
  6399 | Ossuary  | Reached XP level 6. HP: 3/28 MP: 11/11
  8085 | Ossuary  | Reached skill level 8 in Dodging
  8085 | Ossuary  | Reached skill level 1 in Evocations
  8272 | D:4      | Found a shimmering blue altar of Sif Muna.
  8285 | D:4      | Noticed belegose's ghost (novice DjGl)
  8286 | D:4      | Found a runed translucent gate.
  8286 | D:4      | Found a runed translucent gate.
  8286 | D:4      | Found a runed translucent gate.
  8316 | D:4      | Noticed an orc warrior
  8601 | D:4      | Noticed Edmund
  8721 | D:3      | Killed Edmund
  8722 | D:3      | Reached XP level 7. HP: 32/32 MP: 5/13
  9318 | D:4      | Reached skill level 9 in Dodging
  9912 | D:5      | Entered Level 5 of the Dungeon
  9932 | D:5      | Learned a level 6 spell: Shadow Creatures
 10164 | D:5      | Identified the ring "Ufaib" {Will+ Str+4}
 10208 | D:5      | Reached skill level 5 in Spellcasting
 10490 | D:5      | Reached XP level 8. HP: 26/36 MP: 9/16
 10629 | D:5      | Reached skill level 1 in Summonings
 11045 | D:5      | Slain by a gnoll

Illustrated notes

Levels and vault maps discovered:
D:1:      roderic_crossed_star, layout_basic, basic_ecumenical_altar,
          minmay_misc_feat_chi
D:2:      layout_basic, kennysheep_pointless_box
D:3:      layout_loops_ring
D:4:      layout_rooms, kennysheep_orc_sif_temple, gammafunk_ghost_split,
          enter_ossuary_5, minmay_misc_feat_rugged, minivault_19,
          hangedman_abyss_or_decor_stagger, uniq_edmund
D:5:      cheibrodos_barr_body, layout_basic, minmay_temple_entry_from_below_a

Skill      XL: |  1  2  3  4  5  6  7  8 |
---------------+-------------------------+-----
Dodging        | 3 4 5 6 7 8 9 |  9.6
Hexes          | 4 5 6 |  6.6
Spellcasting   | 3 5 |  5.7
Evocations     | 1 2 |  2.4
Summonings     | 1 |  1.2
Short Blades   | |  1.1
Stealth        | |  4.4
Ice Magic      | |  0.1

Action                   |  1- 3 |  4- 6 |  7- 9 || total
-------------------------+-------+-------+-------++-------
Melee: Dagger            |   163 |   422 |   146 ||   731
Throw: Stone             |       |    24 |       ||    24
 Cast: Corona            |     9 |    10 |     6 ||    25
       Ensorcelled Hiber |     9 |    25 |    47 ||    81
       Tukima's Dance    |       |     1 |       ||     1
Evoke: Wand              |       |    11 |       ||    11
  Use: Scroll            |     2 |     5 |     9 ||    16
       Potion            |     1 |     2 |     3 ||     6
 Stab: Sleeping          |    18 |    26 |    32 ||    76
       Distracted        |       |     1 |       ||     1
Armor: Robe              |    15 |    26 |    11 ||    52
       Skin              |       |    26 |       ||    26
Dodge: Dodged            |   139 |   386 |   155 ||   680
